[Event "Betsys MČR v online bleskovém šachu 2021"]
[Site "Chess.com"]
[Date "2021.04.17"]
[Round "4"]
[White "Dejfos"]
[Black "povrlak60"]
[Result "0-1"]
[WhiteElo "1801"]
[BlackElo "1569"]
[TimeControl "180+1"]
[EndTime "9:37:54 PDT"]
[Termination "Uživatel povrlak60 zvítězil na čas"]

1. e4 c5 2. c3 d5 3. exd5 Qxd5 4. d4 Nf6 5. Nf3 Bg4 6. Be2 Nc6 7. Be3 e6 8. O-O cxd4 9. cxd4 Be7 10. Nc3 Qd8 11. h3 Bh5 12. a3 O-O 13. Qd3 a6 14. Rad1 Bg6 15. Qd2 Rc8 16. Ne5 Nxe5 17. dxe5 Qxd2 18. Rxd2 Ne4 19. Nxe4 Bxe4 20. Rfd1 Rfd8 21. Rxd8+ Rxd8 22. Rxd8+ Bxd8 23. f3 Bc6 24. Kf2 Kf8 25. b4 Bc7 26. Bc5+ Ke8 27. f4 Kd7 28. g4 Bd5 29. Ke3 Kc6 30.
Bf8 g6 31. Kd4 Bb6+ 32. Bc5 Bd8 33. a4 Bb3 34. b5+ axb5 35. Bxb5+ Kc7 36. Bd6+ Kc8 37. Bd3 Bd5 38. f5 Bh4 39. fxg6 hxg6 40. Kc5 Bg2 41. a5 Bxh3 42. Be2 Bg2 43. a6 Bf2+ 44. Kb5 bxa6+ 45. Kxa6 Kd7 46. Kb5 Bd5 47. Kb4 Be1+ 48. Kc5 Bg3 0-1

[Event "Betsys MČR v online bleskovém šachu 2021"]
[Site "Chess.com"]
[Date "2021.04.17"]
[Round "4"]
[White "prosinec"]
[Black "valid88"]
[Result "1-0"]
[WhiteElo "1725"]
[BlackElo "1339"]
[TimeControl "180+1"]
[EndTime "9:37:54 PDT"]
[Termination "Uživatel prosinec zvítězil matem"]

1. Nf3 d5 2. d4 Nf6 3. b3 Bf5 4.
Bb2 e6 5. e3 c5 6. Nbd2 a6 7. c4 Nc6 8. a3 Be7 9. Be2 O-O 10. O-O cxd4 11. Nxd4 Nxd4 12. Bxd4 dxc4 13. Nxc4 Rc8 14. b4 b5 15. Na5 Rc7 16. Qb3 Qc8 17. Bd3 Ne4 18. Qb2 Bf6 19. Bxe4 Bxd4 20. Qxd4 Bxe4 21. Qxe4 Rc3 22. Qb1 Qc7 23. Rc1 Rc8 24.
Rxc3 Qxc3 25. Qf1 Qd2 26. Nb7 Rc7 27. Rd1 Qd7 28. Rxd7 Rxd7 29. Nc5 Rd6 30. h3 h6 31. Kh2 f5 32. Qe2 g6 33. Qf3 Kf7 34. Qb7+ Kf6 35.
Nxa6 Rd2 36. Qxb5 Rxf2 37. Nc5 g5 38. Qc6 Kg6 39. Qxe6+ Kh5 40. b5 g4 41. Qf7+ Kg5 42.
Ne6+ Kh4 43. Qf6+ Kh5 44. Nf4+ Rxf4 45. Qf7+ Kg5 46. exf4+ Kh4 47. Qc7 g3+ 48. Kh1 Kh5 49.
b6 Kh4 50. b7 Kh5 51. b8=Q Kh4 52. Qe7+ Kh5 53. Qbe8# 1-0

[Event "Betsys MČR v online bleskovém šachu 2021"]
[Site "Chess.com"]
[Date "2021.04.17"]
[Round "4"]
[White "Staci_fiknout_Navara_Plat"]
[Black "pkozubik"]
[Result "1-0"]
[WhiteElo "1661"]
[BlackElo "1139"]
[TimeControl "180+1"]
[EndTime "9:37:54 PDT"]
[Termination "Uživatel Staci_fiknout_Navara_Plat zvítězil na čas"]

1. c4 e5 2. Nc3 Bb4 3. g3 c6 4.
Bg2 d5 5. cxd5 Bxc3 6. dxc3 Nf6 7. Bg5 cxd5 8. Bxf6 Qxf6 9. Qxd5 O-O 10. Rd1 Nc6 11. Nf3 Be6 12. Qb5 Bxa2 13. O-O Be6 14. Qxb7 Ne7 15.
Qe4 Bf5 16. Qxe5 Qg6 17. Nh4 Qe6 18. Qxe6 Bxe6 19. Bxa8 Rxa8 20. Ra1 a5 21. Rfd1 a4 22. Nf3 Nd5 23. Nd4 Bg4 24. f3 Bh5 25. Kf2 f6 26.
Ne6 Nb6 27. Rd8+ Rxd8 28. Nxd8 Nc4 29. Rxa4 Nxb2 30. Ra8 Nd1+ 31. Ke1 Nxc3 32. Nc6+ Kf7 33. Ra7+ Kg6 34. g4 Nb5 35. gxh5+ Kxh5 36. Rxg7 Kh6 37. Rg8 Nd6 38. Kf2 f5 39. Nd4 f4 40. Ne6 Nf5 41.
Nxf4 Ng3 42. Nd5 Nf5 43. e4 Nd4 44. f4 Ne6 45. f5 Nf4 46. Rg1 Kh5 47. Rg3 Kh4 48.
Kf3 1-0

[Event "Betsys MČR v online bleskovém šachu 2021"]
[Site "Chess.com"]
[Date "2021.04.17"]
[Round "4"]
[White "honzasoucek"]
[Black "Maximon2012"]
[Result "1-0"]
[WhiteElo "1636"]
[BlackElo "1093"]
[TimeControl "180+1"]
[EndTime "9:37:54 PDT"]
[Termination "Uživatel honzasoucek zvítězil matem"]

1. e4 e5 2. Nf3 Nc6 3. d4 exd4 4.
Nxd4 Nxd4 5. Qxd4 Nf6 6. Nc3 Be7 7. Bg5 d6 8. O-O-O Bd7 9. f3 O-O 10. g4 c5 11. Qd2 Qb6 12. e5 dxe5 13. Bxf6 Bxf6 14.
Qxd7 Rfd8 15. Qb5 Rxd1+ 16. Nxd1 Qxb5 17. Bxb5 Rd8 18. c3 a6 19. Ba4 b5 20. Bc2 h6 21.
Nf2 a5 22. Ne4 Be7 23. Rd1 Rxd1+ 24. Kxd1 c4 25. Ke2 Kf8 26. b3 cxb3 27. axb3 Ke8 28. Bd3 b4 29. cxb4 Bxb4 30. Bb5+ Ke7 31. Kd3 f6 32. Kc4 Kd8 33. Kd5 Kc7 34. Ke6 Kb6 35.
Ba4 Bc5 36. Nxc5 Kxc5 37. Kf7 Kb4 38. Kxg7 Kc5 39. Kxf6 Kd6 40. h4 Kc7 41. Kxe5 Kd8 42. Kf6 Kc7 43. g5 hxg5 44. hxg5 Kd6 45. g6 Kd5 46. g7 Kd4 47. g8=Q Ke3 48. Qd5 Kf2 49.
Bb5 Kg3 50. Kg5 Kf2 51. Qd4+ Kxf3 52. Qf4+ Kg2 53. Bc6+ Kg1 54. Qg3+ Kf1 55. Bg2+ Kg1 56. Bf3+ Kf1 57. Qg2+ Ke1 58. Qe2# 1-0

[Event "Betsys MČR v online bleskovém šachu 2021"]
[Site "Chess.com"]
[Date "2021.04.17"]
[Round "4"]
[White "MartinHollan"]
[Black "Vesselovsky52"]
[Result "1-0"]
[WhiteElo "2587"]
[BlackElo "2323"]
[TimeControl "180+1"]
[EndTime "9:38:00 PDT"]
[Termination "Uživatel MartinHollan zvítězil na čas"]

1. e4 c5 2. Nf3 g6 3. Nc3 Bg7 4.
d4 cxd4 5. Nxd4 Nc6 6. Be3 Nf6 7.
Bc4 O-O 8. Bb3 d6 9. f3 Qa5 10.
O-O Nxd4 11. Bxd4 Be6 12. Qe1 Rfc8 13. Kh1 Nd7 14. Bxg7 Kxg7 15. f4 Nf6 16. e5 dxe5 17. fxe5 Nd7 18. Nd5 Qxe1 19. Raxe1 Nc5 20. Nxe7 Re8 21.
Nd5 Nxb3 22. Nc7 Nd4 23. Nxa8 Rxa8 24. c3 Nc6 25. b3 Rd8 26. Rf2 Rd3 27. Rc2 a5 28. h3 h5 29. Kh2 h4 30. Re4 g5 31.
b4 axb4 32. cxb4 Ra3 33. b5 Ne7 34. Rc7 Nf5 35. Rxb7 Bd5 36. Rg4 Bxb7 37. Rxg5+ Kh6 38. Rxf5 Rxa2 39. Rf6+ Kg5 40. Kh1 Rxg2 41. Rb6 Be4 42. Rf6 Rb2+ 43. Kg1 Rxb5 44. Rxf7 Rxe5 45. Rg7+ Kf4 46.
Rc7 Kg3 47. Rc3+ Bf3 48. Rc1 1-0

[Event "Betsys MČR v online bleskovém šachu 2021"]
[Site "Chess.com"]
[Date "2021.04.17"]
[Round "4"]
[White "doktorovak"]
[Black "Millbo64"]
[Result "0-1"]
[WhiteElo "1669"]
[BlackElo "2001"]
[TimeControl "180+1"]
[EndTime "9:38:00 PDT"]
[Termination "Uživatel Millbo64 zvítězil na čas"]

1. e4 c6 2. Nf3 d5 3. exd5 cxd5 4. d4 Nf6 5. Bd3 Bg4 6. h3 Bh5 7. c3 e6 8. Bg5 Be7 9. Nbd2 O-O 10. O-O Nbd7 11.
Qc2 Bg6 12. Ne5 Nxe5 13. dxe5 Nd7 14. Bxe7 Qxe7 15. f4 Bxd3 16. Qxd3 a6 17. Rae1 Qc5+ 18. Kh2 g6 19. Nf3 Rfc8 20. Ng5 h6 21. Nf3 Qc4 22. Qb1 Qxf4+ 23. Kh1 Qf5 24. Qc1 Qh5 25. Qf4 g5 26. Qe3 Rc4 27. Nd4 Rac8 28. Rf2 Nf8 29. Ref1 R8c7 30. Rf6 Nh7 31. R6f2 b5 32. Kh2 Qg6 33. Qf3 b4 34. Ne2 bxc3 35. bxc3 Qe4 36. Qh5 Qxe5+ 37. Kh1 Qg7 38. Rf3 Qg6 39. Qg4 Rxg4 40. hxg4 h5 41. gxh5 Qxh5+ 42. Kg1 f5 43. Nd4 Qg6 44. Re1 Re7 45. Rfe3 Nf8 46. Nc6 Re8 47. Ne5 Qf6 48.
Nc6 f4 49. Re5 Kf7 50. R5e2 Rc8 51. Ne5+ Kg7 52. Rc1 Rc4 53. Nxc4 dxc4 54. Rce1 Qxc3 0-1

[Event "Betsys MČR v online bleskovém šachu 2021"]
[Site "Chess.com"]
[Date "2021.04.17"]
[Round "4"]
[White "matyson523"]
[Black "Krtecci"]
[Result "1-0"]
[WhiteElo "1813"]
[BlackElo "2089"]
[TimeControl "180+1"]
[EndTime "9:38:02 PDT"]
[Termination "Uživatel matyson523 zvítězil matem"]

1. e4 e5 2. Nf3 Nf6 3. Nc3 Nc6 4. Bb5 Bc5 5. O-O d6 6. d3 Bg4 7. Bg5 h6 8. Bh4 g5 9. Bg3 Qe7 10. Nd5 Qd8 11. h3 Bh5 12. d4 exd4 13. Nxf6+ Qxf6 14. e5 dxe5 15. Bxe5 Qxe5 16. Nxe5 Bxd1 17. Raxd1 O-O 18.
Bxc6 bxc6 19. Nd7 Bb6 20. Nxf8 Kxf8 21. Rfe1 Rb8 22. b3 c5 23. Re2 Ba5 24. Rd3 f6 25. g4 Kf7 26. Kg2 Bc3 27. Kf3 Rb6 28. Re4 a5 29. a4 Rd6 30. Kg3 Rd5 31. f4 c6 32. f5 Re5 33. Rxe5 fxe5 34. Kf3 Kf6 35.
Ke4 Be1 36. Rf3 Bd2 37. Rf2 Be1 38. Re2 Bc3 39. Kd3 Bb4 40. Kc4 Ba3 41. c3 dxc3 42. Kxc3 Bb4+ 43. Kc4 Ba3 44. Rd2 Ke7 45. Rd3 Bb4 46.
f6+ Kxf6 47. Rd6+ Kg7 48. Rxc6 Ba3 49. Re6 Bb2 50. Kxc5 Bd4+ 51. Kd5 Kf7 52. Rxe5 Bxe5 53. Kxe5 Ke7 54. Kd5 Kd7 55. Kc5 Ke6 56. b4 axb4 57. Kxb4 Kd7 58. a5 Kc6 59. Kc4 Kb7 60. Kd5 Ka6 61. Ke6 Kxa5 62. Kf6 Kb5 63. Kg6 Kc5 64. Kxh6 Kd6 65. Kxg5 Ke7 66. Kh6 Kf7 67. g5 Kg8 68. Kg6 Kh8 69. Kf7 Kh7 70. g6+ Kh6 71. g7 Kh5 72. g8=Q Kh6 73. Qg6# 1-0

[Event "Betsys MČR v online bleskovém šachu 2021"]
[Site "Chess.com"]
[Date "2021.04.17"]
[Round "4"]
[White "Tolja1"]
[Black "Countryside_58"]
[Result "1/2-1/2"]
[WhiteElo "2040"]
[BlackElo "2430"]
[TimeControl "180+1"]
[EndTime "9:38:07 PDT"]
[Termination "Remíza opakováním pozice"]

1. Nf3 Nc6 2. e4 e5 3. Bb5 Nd4 4. Nxd4 exd4 5. O-O Bc5 6. d3 Ne7 7. Ba4 c6 8. Bb3 O-O 9. Nd2 d5 10. exd5 cxd5 11. Nf3 h6 12. Bf4 Ng6 13. Bg3 Qf6 14. Re1 Be6 15. Qd2 a5 16. a3 b6 17. Ne5 Rad8 18.
Nxg6 Qxg6 19. Re2 Be7 20. Rae1 Bg5 21. Bf4 Bf6 22. Be5 Bg5 23. Bf4 Bf6 24. Be5 Bg4 25. Bxf6 Qxf6 26. f3 Be6 27. Re5 Qg6 28. Qf2 h5 29.
Qxd4 Rd6 30. Qf4 Rfd8 31. Qg3 Qh6 32. h4 b5 33. c3 d4 34. Bxe6 Rxe6 35. Rxe6 fxe6 36.
cxd4 Rxd4 37. Qg5 Qxg5 38. hxg5 Kf7 39. Re5 b4 40. Rxa5 Rxd3 41. axb4 Rb3 42. b5 Rxb2 43. Kh2 Kg6 44. Ra7 Rxb5 45. Re7 Rxg5 46. Rxe6+ Kh7 47.
Re4 Rb5 48. Kh3 Kh6 49. Kh2 g6 50. Kh3 Rb1 51. g3 Rb2 52. f4 Rb3 53. Re5 Kg7 54.
Rd5 Kf6 55. Rg5 Rb1 56. Re5 Rh1+ 57. Kg2 Ra1 58. Kh3 Rh1+ 59. Kg2 Ra1 60. Kh3 Rh1+ 1/2-1/2

[Event "Betsys MČR v online bleskovém šachu 2021"]
[Site "Chess.com"]
[Date "2021.04.17"]
[Round "4"]
[White "Alesbar"]
[Black "EXTREME_STRATEGY007"]
[Result "0-1"]
[WhiteElo "1620"]
[BlackElo "1192"]
[TimeControl "180+1"]
[EndTime "9:38:07 PDT"]
[Termination "Uživatel EXTREME_STRATEGY007 zvítězil na čas"]

1. Nf3 c5 2. g3 d5 3. Bg2 Nc6 4.
O-O e6 5. d4 Nf6 6. c3 Be7 7.
Nbd2 O-O 8. Nb3 c4 9. Nbd2 b5 10.
a3 a5 11. Qc2 a4 12. e4 Na5 13.
Ne5 Nb3 14. Rb1 Nd7 15. exd5 Nxe5 16. dxe6 Bxe6 17. dxe5 Rc8 18. Nf3 Qb6 19. Be3 Bc5 20. Bxc5 Qxc5 21. Rbd1 Bd5 22. Nd4 Bxg2 23. Kxg2 Qxe5 24.
Rfe1 Qc5 25. Qf5 Qxf5 26. Nxf5 Rfe8 27. Nd6 Rxe1 28. Rxe1 Rf8 29. Nxb5 g6 30. Nd6 Na5 31.
Re4 Rb8 32. Nxc4 Nxc4 33. Rxc4 Rxb2 34. Rxa4 Rc2 35. c4 Rc3 36. h4 Kg7 37. Kf1 Kf6 38. Ke2 Ke5 39. Ra7 Kf6 40. Ra4 Ke5 41. Ra5+ Kd4 42.
Ra7 Rxc4 43. Rxf7 Rc2+ 44. Kf1 Rc1+ 45. Kg2 Rc3 46. Rxh7 Rxa3 47. Re7 Ra6 48. g4 Rf6 49. f3 Kd5 50. Kg3 Kd6 51. Re1 Kd5 52. h5 g5 0-1

[Event "Betsys MČR v online bleskovém šachu 2021"]
[Site "Chess.com"]
[Date "2021.04.17"]
[Round "4"]
[White "MametevArtem097"]
[Black "petrgnojek"]
[Result "1/2-1/2"]
[WhiteElo "1987"]
[BlackElo "2254"]
[TimeControl "180+1"]
[EndTime "9:38:13 PDT"]
[Termination "Remíza opakováním pozice"]

1. d4 Nf6 2. Nc3 d6 3. e4 g6 4. Be3 a6 5. f3 b5 6. Qd2 Nbd7 7. g4 Nb6 8. O-O-O Bb7 9. h4 h5 10. g5 Nfd7 11. Bh3 e6 12. d5 Qe7 13. dxe6 fxe6 14.
Nge2 O-O-O 15. Nf4 Nc4 16. Qe2 d5 17. Nxg6 Qb4 18.
Na4 bxa4 19. c3 Qb5 20. Nxh8 dxe4 21. Bxe6 Nxe3 22. Qxe3 Bc5 23. Qf4 Bd6 24. Rxd6 cxd6 25. Nf7 Rf8 26. Nxd6+ Kd8 27. Qxf8+ Nxf8 28. Nxb5 axb5 29.
Rd1+ Ke7 30. Bd5 Bxd5 31. Rxd5 exf3 32. Rf5 Ng6 33. Rxf3 Nxh4 34. Rh3 Nf5 35. Rxh5 Kf7 36. g6+ Kxg6 37. Rxf5 Kxf5 38. Kd2 Ke4 39. Kc2 Ke5 40.
Kd3 Kd5 41. b3 axb3 42. axb3 Ke5 43. c4 Kd6 44. Kd4 bxc4 45. Kxc4 Kc6 46. Kb4 Kb6 47.
Kc4 Kc6 48. b4 Kb6 49. b5 Kb7 50. Kc5 Kc7 51. b6+ Kb7 52. Kb5 Kb8 53. Kc6 Kc8 54.
Kc5 Kb7 55. Kb5 Kb8 56. Kc6 Ka8 57. Kb5 Kb7 58. Ka5 Kb8 59. Ka6 Ka8 60. Kb5 Kb7 61. Kc5 Kb8 62. Kb4 Kb7 63. Kb5 1/2-1/2

[Event "Betsys MČR v online bleskovém šachu 2021"]
[Site "Chess.com"]
[Date "2021.04.17"]
[Round "4"]
[White "tryskomys"]
[Black "Cimrman"]
[Result "0-1"]
[WhiteElo "1476"]
[BlackElo "2338"]
[TimeControl "180+1"]
[EndTime "9:38:16 PDT"]
[Termination "Uživatel Cimrman zvítězil matem"]

1. e4 c6 2. Nc3 d5 3. Nf3 dxe4 4. Nxe4 Nd7 5. d4 Ngf6 6. Nxf6+ Nxf6 7. c3 Bg4 8. Be2 Bxf3 9. Bxf3 e6 10. O-O Bd6 11. Bg5 h6 12. Bxf6 Qxf6 13. Qe2 O-O 14. g3 Rac8 15. Bg2 b6 16. Rad1 Rfd8 17. Qf3 Qe7 18.
Rfe1 c5 19. dxc5 Bxc5 20. Rxd8+ Rxd8 21. Rd1 Rxd1+ 22. Qxd1 Qf6 23. Qf3 Qe5 24. Qe4 Qd6 25. Qa8+ Kh7 26. Qe4+ g6 27. Qe2 a5 28. h4 Kg7 29.
Kh2 h5 30. Bf3 e5 31. Kg2 Qf6 32. Be4 Qe6 33. Qd3 Qxa2 34. Bd5 Qxb2 35. Qf3 f5 36. Bc4 e4 37. Qf4 Qxc3 38. Qc7+ Kh6 39. Qf4+ Kh7 40.
Qc7+ Qg7 41. Qb8 a4 42. Qa8 a3 43. Kg1 e3 44. fxe3 Bxe3+ 45. Kg2 Bc5 46. Kh3 Kh6 47. Kg2 Qb2+ 48. Kh3 Qf6 49. Kg2 Qd4 50. Kh3 Qg4+ 51. Kg2 Qd4 52. Kh3 f4 53. gxf4 Qe3+ 54. Kg2 Qf2+ 55. Kh3 Qd4 56. Kg2 b5 57. Bxb5 Qb2+ 58.
Kh3 a2 59. Bc4 a1=Q 60. f5 Qxa8 61. fxg6 Qbg2# 0-1

[Event "Betsys MČR v online bleskovém šachu 2021"]
[Site "Chess.com"]
[Date "2021.04.17"]
[Round "4"]
[White "Johanna94"]
[Black "patrikvagner"]
[Result "0-1"]
[WhiteElo "2059"]
[BlackElo "1779"]
[TimeControl "180+1"]
[EndTime "9:38:16 PDT"]
[Termination "Uživatel patrikvagner zvítězil na čas"]

1. d4 d5 2. c4 c6 3. Nf3 e6 4. Nc3 Nf6 5. Bg5 Be7 6. e3 O-O 7.
Qc2 Nbd7 8. Rd1 h6 9. Bh4 a6 10.
a3 dxc4 11. Bxc4 b5 12. Ba2 Bb7 13. Bb1 Re8 14. O-O c5 15. dxc5 Qc7 16. b4 Nf8 17.
Bg3 Qc8 18. Rd2 Rd8 19. Rfd1 Rxd2 20. Qxd2 Qd8 21. Qxd8 Rxd8 22. Rxd8 Bxd8 23. Ne5 N8d7 24. c6 Nxe5 25. cxb7 Bc7 26. Ne4 Nfd7 27. Nc5 f6 28. f4 Nxc5 29. bxc5 Nc6 30. Be4 Nd8 31. Kf1 Kf7 32. Ke2 Ke7 33. Be1 Kd7 34. h3 Nc6 35.
Kd3 Bb8 36. f5 e5 37. g4 Kc7 38. h4 Kxb7 39. g5 hxg5 40. hxg5 Kc7 41. gxf6 gxf6 42. Bh4 Ba7 43. Bxf6 Bxc5 44. Bxc6 Kxc6 45. Bxe5 Bxa3 46.
e4 b4 47. Kc4 a5 48. Bg7 Kd7 49. e5 Ke7 50. e6 Ke8 51. f6 b3 52. f7+ Kd8 53.
f8=Q+ Bxf8 54. e7+ Bxe7 55. Bb2 a4 56. Kc3 Kc7 57.
Kc4 Kb6 58. Bc1 Ka5 59. Bd2+ Kb6 60. Be3+ Ka6 61. Bc1 Bd6 62. Bd2 Ba3 63. Kd3 Kb5 64.
Bf4 Bb4 65. Be5 a3 66. Bf6 a2 0-1

[Event "Betsys MČR v online bleskovém šachu 2021"]
[Site "Chess.com"]
[Date "2021.04.17"]
[Round "4"]
[White "ffbp3q"]
[Black "vit_rosenbaum"]
[Result "0-1"]
[WhiteElo "2373"]
[BlackElo "2223"]
[TimeControl "180+1"]
[EndTime "9:38:18 PDT"]
[Termination "Uživatel vit_rosenbaum zvítězil na čas"]

1. d4 e6 2. c4 c5 3. d5 exd5 4. cxd5 d6 5. Nc3 Nf6 6. Nf3 g6 7. Nd2 Bg7 8. e4 O-O 9. Be2 Re8 10. O-O Na6 11. f3 Nc7 12. a4 Rb8 13. Nc4 a6 14. Bf4 Bf8 15. Qd2 b5 16. axb5 axb5 17. Na5 Bb7 18. Nxb5 Nxb5 19. Bxb5 Re7 20. Nc6 Bxc6 21. Bxc6 Bg7 22. Rfb1 Rc7 23. Ra6 Nh5 24. Bg5 Bf6 25.
Be3 Bg7 26. b4 cxb4 27. Rxb4 Rxb4 28. Qxb4 Rc8 29. Ra7 Rb8 30. Qxb8 Qxb8 31. Ra8 Qxa8 32. Bxa8 Be5 33. g3 f5 34. exf5 gxf5 35. Bb6 Nf6 36.
Kf2 Kf7 37. Ke3 Bb2 38. Bc7 Ke7 39. Kf4 Bc1+ 40. Kxf5 Nd7 41. Kg4 Ne5+ 42. Kf5 Nxf3 43. h4 Bd2 44. Bb7 Be1 45. Kg4 Ne5+ 46. Kh3 Nd3 47. Bb6 Nc5 48. Bc6 Ne4 49. g4 Nf6 50. g5 Ne4 51. Kg4 Nf2+ 52. Kf5 Nd3 53. h5 Nc5 54. Bxc5 dxc5 55. g6 hxg6+ 56. hxg6 Bc3 0-1

[Event "Betsys MČR v online bleskovém šachu 2021"]
[Site "Chess.com"]
[Date "2021.04.17"]
[Round "4"]
[White "iDarkTraveler"]
[Black "kominekmart"]
[Result "1-0"]
[WhiteElo "1971"]
[BlackElo "1574"]
[TimeControl "180+1"]
[EndTime "9:38:24 PDT"]
[Termination "Uživatel iDarkTraveler zvítězil matem"]

1. d4 d6 2. Nf3 g6 3. g3 Nf6 4.
Bg2 Bg7 5. O-O O-O 6. Re1 d5 7. Bf4 c6 8. Qc1 Bg4 9. Bh6 Nbd7 10.
Bxg7 Kxg7 11. e3 Ne4 12. Nbd2 Nxd2 13. Qxd2 Nb6 14. Ne5 Bf5 15. a4 Be4 16. a5 Nd7 17.
Bxe4 dxe4 18. Qb4 Nxe5 19. dxe5 Qc7 20. Qxe4 Rad8 21. h4 Rd5 22. e6 f6 23. a6 b6 24. f4 f5 25. Qb4 Qd6 26. Qc3+ Kg8 27. e4 Rd2 28. Qe3 Rd8 29. exf5 Qd5 30. Re2 Rxe2 31.
Qxe2 Qxf5 32. Kg2 Rd6 33. Re1 Qd5+ 34. Qf3 Qd2+ 35. Re2 Qd5 36. h5 Kg7 37. hxg6 hxg6 38. g4 Qxf3+ 39. Kxf3 Kf6 40. Rh2 Kxe6 41. Ke3 Rd5 42.
Rh6 Kf6 43. f5 Kg5 44. Rxg6+ Kh4 45. Ke4 Ra5 46. Kf4 Ra4+ 47. Ke5 Rxg4 48. Rh6+ Kg5 49. Rg6+ Kh4 50. Rxg4+ Kxg4 51. Ke6 Kf4 52. Kxe7 Kxf5 53.
Kd6 c5 54. Kc6 Ke5 55. Kb7 Ke4 56. Kxa7 Ke3 57. Kxb6 Kd2 58. Kxc5 Kxc2 59. b4 Kb2 60. b5 Kb3 61. b6 Ka4 62. b7 Ka5 63. b8=Q Kxa6 64.
Qb6# 1-0

[Event "Betsys MČR v online bleskovém šachu 2021"]
[Site "Chess.com"]
[Date "2021.04.17"]
[Round "4"]
[White "jarosymon"]
[Black "sachistamartin"]
[Result "1-0"]
[WhiteElo "1784"]
[BlackElo "1447"]
[TimeControl "180+1"]
[EndTime "9:38:24 PDT"]
[Termination "Uživatel jarosymon zvítězil matem"]

1. e4 Nc6 2. c4 e5 3. Nf3 d6 4. d4 Bg4 5. d5 Nd4 6. Be3 Bxf3 7. gxf3 c5 8. dxc6 Nxc6 9. Nc3 Nf6 10. Bg2 Qa5 11.
O-O Be7 12. a3 O-O 13. b4 Qc7 14. Rc1 Nd7 15. Nd5 Qd8 16. f4 f5 17. exf5 Rxf5 18. Be4 Rf7 19. f5 Bg5 20. Qh5 Bxe3 21. fxe3 Nf6 22. Nxf6+ Qxf6 23. Bd5 Rf8 24. Bxf7+ Rxf7 25. b5 Ne7 26. e4 g6 27. fxg6 Qxg6+ 28. Qxg6+ Nxg6 29. Rxf7 Kxf7 30. c5 Nf4 31. Rc2 dxc5 32. Rxc5 Ne6 33.
Rxe5 Kf6 34. Rh5 Kg6 35. Rh3 Nf4 36. Rf3 Kg5 37. Rg3+ Kh4 38. Rg7 Ne2+ 39. Kf2 Nc3 40.
Rxh7+ Kg5 41. Rxb7 Nxe4+ 42. Ke3 Nd6 43. Rxa7 Nc4+ 44.
Kd4 Nb6 45. Ra6 Nc8 46. b6 Nd6 47. b7 Nxb7 48. Kd5 Nd8 49. Kd6 Nb7+ 50. Kc6 Nd8+ 51. Kd7 Nf7 52. Re6 Nh6 53. a4 Nf5 54. a5 Ng7 55. a6 Nxe6 56. Kxe6 Kh4 57. a7 Kh3 58. a8=Q Kxh2 59. Qg8 Kh3 60. Kf5 Kh4 61. Qg4# 1-0

[Event "Betsys MČR v online bleskovém šachu 2021"]
[Site "Chess.com"]
[Date "2021.04.17"]
[Round "4"]
[White "zdenav"]
[Black "AdeeJa"]
[Result "0-1"]
[WhiteElo "1816"]
[BlackElo "1632"]
[TimeControl "180+1"]
[EndTime "9:38:34 PDT"]
[Termination "Uživatel AdeeJa zvítězil na čas"]

1. e4 c5 2. Nf3 Nc6 3. Bc4 e6 4. O-O Nge7 5. Re1 g6 6. c3 Bg7 7. e5 d5 8. Bb3 c4 9. Ba4 a6 10. d4 b5 11. Bc2 a5 12. Nbd2 b4 13. Ba4 O-O 14. Nf1 Rb8 15. Bg5 Qb6 16. Qd2 Ba6 17. Ng3 bxc3 18. bxc3 Qb2 19. Qe3 Qa3 20. Bxc6 Nxc6 21. Re2 Rb2 22. Rxb2 Qxb2 23. Qc1 Rb8 24. h3 Qxc1+ 25. Bxc1 Bb5 26. Nd2 Ba4 27. f4 Bh6 28. Ne2 Bd1 29. Kf2 Bxe2 30. Kxe2 Bxf4 31. Kf3 Bh6 32. Ke2 a4 33. Kd1 Na7 34. Kc2 Nb5 35. Rb1 Bf8 36. Nf1 h6 37. Ne3 Kg7 38. Nd1 f6 39. exf6+ Kxf6 40. Kd2 e5 41. dxe5+ Kxe5 42. Ke3 Bc5+ 43. Kf3 g5 44. Kg4 Bd6 45. Kh5 Bf8 46.
Kg6 Rb6+ 47. Kh5 Ke4 48. Be3 Rb8 49. Bg1 Kd3 50. Rb2 Ba3 51. Rf2 Re8 52. Rf3+ Kc2 53. Ne3+ Kd2 54. Nxd5 Bb2 55. Be3+ Ke2 56. Rf2+ Kd3 57.
Bc5 Na3 58. Bb4 Ke4 59. Nf6+ Ke5 60. Nxe8 Ke6 0-1

[Event "Betsys MČR v online bleskovém šachu 2021"]
[Site "Chess.com"]
[Date "2021.04.17"]
[Round "4"]
[White "TCTCGTGCTATG"]
[Black "xPsylocke"]
[Result "1-0"]
[WhiteElo "1925"]
[BlackElo "2178"]
[TimeControl "180+1"]
[EndTime "9:38:35 PDT"]
[Termination "Uživatel TCTCGTGCTATG zvítězil po vzdání soupeře"]

1. e4 e5 2. Nf3 Nc6 3. Bc4 Bc5 4.
c3 Nf6 5. d4 exd4 6. cxd4 Bb4+ 7.
Nc3 d5 8. exd5 Nxd5 9. O-O Bxc3 10. bxc3 O-O 11. Bd2 h6 12. Qc2 Bg4 13. Qd3 a6 14. Rfe1 Na5 15. Bxd5 Qxd5 16. Ne5 Be6 17. Qg3 Kh8 18.
Qh4 Kh7 19. Bf4 Nc4 20. Ng4 Bxg4 21. Qxg4 c5 22. dxc5 Qxc5 23. Rad1 Rad8 24. h3 b5 25. Bc1 Rfe8 26. Bf4 Rxe1+ 27. Rxe1 Qc6 28. Re7 Qf6 29. Ra7 Rd3 30. Bg3 Rxc3 31. Qe4+ Qg6 32. Qf4 Ra3 33. Rxf7 Rxa2 34. Ra7 Ra1+ 35. Kh2 Ra3 36. Qc7 Rd3 37. Qb7 Rd2 38. Rxa6 Qd3 39. Ra7 Qg6 40. Ra6 Qd3 41. Ra7 Qc3 42. Qf7 Rd5 43. Qxd5 b4 44. Qe4+ Kg8 45. Ra8+ Kf7 46. Qe8+ Kf6 47. Ra6+ Kf5 48.
Qf8+ Ke4 49. Qf4+ Kd3 50. Qf3+ Kc2 51. Ra2+ Kb3 52. Qxc3+ bxc3 53. Ra8 c2 54. Bf4 g5 55.
Rb8+ Kc3 56. Bc1 Nd2 57. Bxd2+ Kxd2 58. Rd8+ Ke1 59. Rc8 Kd1 60. Kg3 c1=Q 61. Rxc1+ Kxc1 62. f4 Kd2 63. Kg4 gxf4 64. Kxf4 Kd3 65. Kg4 Ke3 66. h4 Kf2 67. Kf5 Kxg2 68. Kg6 Kh3 69. h5 Kg4 70. Kxh6 Kf5 71. Kg7 Ke6 72. h6 Ke7 73. h7 Kd6 74. h8=Q Ke5 1-0

[Event "Betsys MČR v online bleskovém šachu 2021"]
[Site "Chess.com"]
[Date "2021.04.17"]
[Round "4"]
[White "Varinius"]
[Black "Rubinus"]
[Result "0-1"]
[WhiteElo "2438"]
[BlackElo "2167"]
[TimeControl "180+1"]
[EndTime "9:38:41 PDT"]
[Termination "Uživatel Rubinus zvítězil po vzdání soupeře"]

1. d4 d5 2. Nf3 Nc6 3. e3 Bg4 4.
Bb5 Qd7 5. h3 Bxf3 6. Qxf3 f6 7.
c4 e6 8. Nc3 Bb4 9. O-O Nge7 10. Bd2 Bxc3 11. Bxc3 a6 12. cxd5 Qxd5 13. Be2 Qxf3 14.
Bxf3 Kf7 15. Rac1 Rhd8 16. a3 Rd7 17. Rc2 Rb8 18. Rfc1 g6 19. Kf1 h5 20. Ke2 h4 21.
Bd2 f5 22. g3 hxg3 23. fxg3 Rh8 24. h4 Kf6 25. Kf2 Nd5 26. Rh1 Rdh7 27. Rcc1 Ke7 28. Kg2 Kd6 29. b3 Nce7 30. a4 c6 31. Rce1 Ng8 32. e4 Nc7 33. Bf4+ Kd7 34. Be5 Ne7 35. Bxh8 Rxh8 36. exf5 Nxf5 37. Bg4 Nxd4 38. Rhf1 Ke7 39. Re5 Nd5 40. Rfe1 Nf6 41. Bxe6 Kd6 42. Bc4 Nd5 43.
Rg5 Kc5 44. Bxd5 cxd5 45. Rxg6 Nxb3 46. Rg5 Kc4 47. h5 d4 48. Rg4 Kc3 49. Rh4 d3 50.
Kf3 d2 51. Rg1 Rf8+ 52. Ke4 Re8+ 53. Kf3 Kc2 54. Rh2 Nd4+ 55. Kf4 Re1 56. Rxe1 Ne6+ 57. Kf5 Kc3 58. Kg6 dxe1=Q 59. Rh4 Qxg3+ 60. Kf5 Qxh4 61. Kxe6 Qxh5 62. Kd7 Kb4 63. Kc7 Kxa4 64. Kxb7 a5 65. Ka6 Kb4 66. Kb7 Qg6 0-1

[Event "Betsys MČR v online bleskovém šachu 2021"]
[Site "Chess.com"]
[Date "2021.04.17"]
[Round "4"]
[White "Herracek"]
[Black "DavidekIII"]
[Result "1-0"]
[WhiteElo "2607"]
[BlackElo "2213"]
[TimeControl "180+1"]
[EndTime "9:38:44 PDT"]
[Termination "Uživatel Herracek zvítězil matem"]

1. c4 f5 2. e4 fxe4 3. d3 Nf6 4. g4 d6 5. g5 Ng8 6. Nc3 Bf5 7. Nge2 e5 8. Ng3 Bg6 9. h4 Be7 10. h5 Bf7 11. Ncxe4 Be6 12. Be2 Nc6 13. Bg4 Qd7 14. Bxe6 Qxe6 15. Be3 O-O-O 16. Qa4 Kb8 17. O-O-O h6 18.
gxh6 Nxh6 19. Rhe1 Nf5 20. Nxf5 Qxf5 21. Ng3 Qf3 22.
b4 Bf6 23. b5 Nd4 24. Bxd4 exd4 25. Qc2 Be5 26. Rg1 Rdf8 27. Ne4 Rxh5 28. a4 Qf7 29. Kb1 Rf5 30. Rdf1 Qe6 31. a5 Rf3 32. Ng5 Qf6 33. Nxf3 Qxf3 34. a6 b6 35. Qd1 Qxd1+ 36. Rxd1 Kc8 37.
Rdf1 Kd7 38. Kc2 Rf3 39. Kd2 Ke6 40. Ke2 Rh3 41. f4 Bf6 42. Rf3 Rh2+ 43. Rf2 Rh3 44. f5+ Kf7 45. Rg4 Re3+ 46. Kd2 Kg8 47. Re4 Rxe4 48. dxe4 Kh7 49. Kd3 Kg8 50. Rh2 Be5 51.
Rh3 Bf6 52. Ke2 Be5 53. Kf3 Bf6 54. Kg4 Kf7 55. Kf4 Be5+ 56. Kg5 Bf6+ 57. Kg4 Be5 58. Rh8 Bf6 59. Rc8 d3 60. Kf3 Bd4 61. Rxc7+ Kf6 62.
Rxa7 Ke5 63. Re7+ Kf6 64. Re6+ Kf7 65. Rxd6 Bc5 66. Rxd3 Kf6 67. Rd5 Kg5 68. Rxc5 bxc5 69. a7 Kh5 70. f6 g6 71. a8=Q Kh4 72. Qd5 g5 73. Qf5 Kh5 74. Qh7# 1-0